 Dungeon Crawl Stone Soup version 0.28.0-49-g6dfe1f597d (webtiles) character file.

Game seed: 8356930303403718596

11 Keeper01 the Ducker (level 2, -2/14 HPs)
             Began as a Felid Berserker on May 11, 2022.
             Was a Follower of Trog.
             Frozen to death by an endoplasm (4 damage)
             ... on level 1 of the Dungeon.
             The game lasted 00:01:31 (363 turns).

Keeper01 the Ducker (Felid Berserker)                Turns: 363, Time: 00:01:31

Health: -2/14      AC:  1    Str: 13    XL:     2   Next: 17%
Magic:  3/3        EV: 18    Int:  8    God:    Trog [*.....]
Gold:   23         SH:  0    Dex: 15    Spells: 1/1 levels left
                                        Lives:  0   Deaths: 0

rFire   . . .      SeeInvis +     - Unarmed
rCold   . . .      Faith    .   (shield unavailable)
rNeg    . . .      Spirit   .   (armour unavailable)
rPois   .          Reflect  .   (helmet unavailable)
rElec   .          Harm     .   (cloak unavailable)
rCorr   .          Rampage  .   (gloves unavailable)
Will    .....                   (boots unavailable)
Stlth   +.........              (no amulet)
HPRegen 0.04/turn               (no ring)
MPRegen 0.08/turn               (no ring)

@: quick
A: very small, claws 1, fangs 3, see invisible, speed 1, shaggy fur 1, stealthy
paws, no weapons or thrown items, no armour, multi-lived
a: Renounce Religion, Berserk


You were on level 1 of the Dungeon.
You worshipped Trog.
Trog was aware of your devotion.
You visited 1 branch of the dungeon, and saw 1 of its levels.

You collected 23 gold pieces.

Inventory:

Scrolls
 a - a scroll of identify {unknown}
 c - a scroll of enchant weapon {unknown}
Potions
 b - a potion of curing {unknown}


   Skills:
 + Level 3.2 Fighting
 + Level 4.3 Dodging
 + Level 3.2 Unarmed Combat


You had one spell level left.
You didn't know any spells.
Your spell library was empty.

Dungeon Overview and Level Annotations

Branches:
Dungeon (1/15)

Altars:


Innate Abilities, Weirdness & Mutations

You have sharp claws.
You have razor-sharp teeth.
You have supernaturally acute eyesight. (SInv)
You cover ground quickly. (Speed+)
You are covered in fur. (AC +1)
Your paws help you pounce on unaware monsters.
You are incapable of wielding weapons or throwing items.
You cannot wear armour.
You gain extra lives every three experience levels.


Message History

You see here a hobgoblin corpse.
You see here a hobgoblin corpse.
A ball python comes into view.
The ball python completely misses you. The ball python closely misses you.
You scratch the ball python but do no damage.
The ball python barely misses you. The ball python misses you.
You scratch the ball python.
The ball python is moderately wounded.
The ball python bites you. The ball python barely misses you.
You closely miss the ball python.
The ball python is moderately wounded.
The ball python misses you. The ball python closely misses you.
You scratch the ball python.
You kill the ball python!
Trog accepts your kill.
A kobold comes into view. It is wielding a +0 club.
The kobold shouts!
The kobold throws a stone.
The stone misses you.
You see here a ball python corpse.
An endoplasm comes into view.
The endoplasm quivers.
You barely miss the kobold. The kobold hits you with a +0 club.
You scratch the kobold.
The kobold is moderately wounded.
The endoplasm freezes you.
You are frozen.
The kobold barely misses you.
You barely miss the kobold.
The kobold is moderately wounded.
The endoplasm misses you. The kobold misses you.
You closely miss the kobold.
The kobold is moderately wounded.
The endoplasm freezes you.
You are frozen.
* * * LOW HITPOINT WARNING * * *
The kobold barely misses you.
You closely miss the kobold.
The kobold is moderately wounded.
The endoplasm freezes you.
You are frozen.
You die...

...##.....##.....
###.#............
...............
......#..#..#
............#
.#######....#
.######....#######
..............†..#######
###........#####@K.....#
.#.........# ##J.....#
............ ......#
............. ......#
............. ..#####
.(.........♣. .##
.............. .# ..


You could see an endoplasm and a kobold.

Vanquished Creatures
  A dart slug (D:1)
  A giant cockroach (D:1)
  A goblin (D:1)
  2 hobgoblins (D:1)
  A quokka (D:1)
  A ball python (D:1)
  A bat (D:1)
  A rat (D:1)
9 creatures vanquished.

Notes
Turn   | Place    | Note
-------+----------+-------------------------------------------
     0 | D:1      | Keeper01 the Felid Berserker began the quest for the Orb.
     0 | D:1      | Reached XP level 1. HP: 10/10 MP: 2/2
   297 | D:1      | Reached XP level 2. HP: 14/14 MP: 3/3
   363 | D:1      | Frozen to death by an endoplasm

Illustrated notes

Levels and vault maps discovered:
D:1:      scummos_arrival_gate, layout_rooms, minmay_misc_feat_doors,
          minmay_misc_feat_plants, kennysheep_minor_cross

Action                   || total
-------------------------++-------
Melee: Unarmed           ||    37
       Punch             ||     1
       Bite              ||     1
Armor: Skin              ||     8
Dodge: Dodged            ||    45
